 Dungeon Crawl Stone Soup version 0.26-a0-665-gefeb406119 (webtiles) character file.

Game seed: 11805024132081083786

100 jasper the Grave Robber (level 4, -2/30 HPs)
             Began as a Demonspawn Necromancer on Oct 15, 2020.
             Slain by a howler monkey skeleton (5 damage)
             ... on level 2 of the Dungeon.
             The game lasted 00:03:11 (2200 turns).

jasper the Grave Robber (Demonspawn Necromancer)    Turns: 2200, Time: 00:03:11

Health: -2/30      AC:  3    Str:  8    XL:     4   Next: 47%
Magic:  16/16      EV: 12    Int: 22    God:
Gold:   98         SH:  0    Dex: 13    Spells: 5/7 levels left

rFire    x . .     SeeInvis .   e - +2 whip (vamp)
rCold    + . .     Faith    .   (no shield)
rNeg     . . .     Spirit   .   a - +0 robe
rPois    .         Reflect  .   g - +0 helmet
rElec    .         Harm     .   (no cloak)
rCorr    .         Rampage  .   (no gloves)
MR       .....                  (no boots)
Stlth    ++........             (no amulet)
HPRegen  0.10/turn              k - ring of ice
MPRegen  0.15/turn              m - ring of magical power

@: slowed, very slow
A: big brain 2
a: no special abilities


You were on level 2 of the Dungeon.
You visited 1 branch of the dungeon, and saw 2 of its levels.

You collected 98 gold pieces.

Inventory:

Hand Weapons
 e - a +2 vampiric whip (weapon)
Armour
 a - a +0 robe (worn)
 c - a cursed +0 leather armour
 g - a +0 helmet (worn)
Jewellery
 k - a ring of ice (left hand)
 m - a ring of magical power (right hand)
Scrolls
 d - 3 scrolls of identify {unknown}
 f - a scroll of remove curse {unknown}
 i - a scroll of enchant weapon {unknown}
 n - a scroll of immolation {unknown}
Potions
 b - 2 potions of degeneration {unknown}
 h - a potion of magic {unknown}
 j - a potion of haste {unknown}
 l - a potion of heal wounds {unknown}


   Skills:
 - Level 1.7 Dodging
 - Level 1.7 Stealth
 - Level 2.0 Spellcasting
 + Level 6.5 Necromancy


You had 5 spell levels left.
You knew the following spells:

 Your Spells              Type           Power        Failure   Level
a - Pain                  Necr           ####         1%          1
b - Animate Skeleton      Necr           ####..       1%          1

Your spell library contained the following spells:

 Spells                   Type           Power        Failure   Level
 Vampiric Draining        Necr           ####......   2%          3
 Animate Dead             Necr           ####......   9%          4
 Agony                    Necr           ####....     26%         5


Dungeon Overview and Level Annotations

Branches:
Dungeon (2/15)

Altars:


Innate Abilities, Weirdness & Mutations

You have an extremely huge brain. (Int +4)


Message History

The bat closely misses you. The howler monkey skeleton misses you.
The howler monkey skeleton hits you.
You take 4 damage, and have 11/30 hp.
You now have 14/16 mp.
The bat hits you but does no damage. The bat barely misses you.
The howler monkey skeleton closely misses you.
The bat hits you. The bat barely misses you.
The howler monkey skeleton hits you.
* * * LOW HITPOINT WARNING * * *
You take 5 damage, and have 6/30 hp.
The bat hits you but does no damage. The bat barely misses you.
The bat misses you. The bat closely misses you.
Found 25 sling bullets.
MP restored: 16 You hit the howler monkey skeleton.
The howler monkey skeleton is lightly damaged.
The howler monkey skeleton hits you.
* * * LOW HITPOINT WARNING * * *
The howler monkey skeleton hits you.
You die...

...#. ..........##.. .....#.
...#. ............. .....'. ...
.... ............# .....# ......
#. ............## ...(.# ......
#. .............# .....# ......
## .............# .....#
......### ........[....###.....#
......... .............bz@.....#
......... #########....####...##
.......).
#.....###....#......###........#
#.......#....#......##.........)
#.......#.####.......#..........
#.........#..........#..........
#.......###.....##...#..........
#...............................
#.....#.#.......##.#.#..........


You could see a bat and a howler monkey skeleton.

Vanquished Creatures
  Jessica (D:2)
  Terence (D:2)
  An ooze (D:1)
  3 dart slugs
  4 bats (D:1)
  A giant cockroach (D:2)
  4 goblins
  8 hobgoblins
  2 ball pythons (D:1)
  5 frilled lizards
  5 kobolds
  6 rats
41 creatures vanquished.

Notes
Turn   | Place    | Note
-------+----------+-------------------------------------------
     0 | D:1      | jasper the Demonspawn Necromancer began the quest for the
                  | Orb.
     0 | D:1      | Reached XP level 1. HP: 13/13 MP: 3/3
   167 | D:1      | Gained mutation: You have an unusually large brain. (Int
                  | +2) [demonic ancestry]
   167 | D:1      | Reached XP level 2. HP: 15/19 MP: 0/5
   170 | D:1      | Learned a level 1 spell: Animate Skeleton
   272 | D:1      | Reached skill level 5 in Necromancy
  1008 | D:1      | Gained mutation: You have an extremely huge brain. (Int +4)
                  | [demonic ancestry]
  1008 | D:1      | Reached XP level 3. HP: 24/24 MP: 6/6
  1214 | D:2      | Noticed Terence
  1337 | D:2      | Killed Terence
  1337 | D:2      | Reached skill level 6 in Necromancy
  1819 | D:2      | Reached XP level 4. HP: 30/30 MP: 7/7
  2179 | D:2      | Noticed Jessica
  2192 | D:2      | Killed Jessica
  2200 | D:2      | Slain by a howler monkey skeleton

Illustrated notes

Levels and vault maps discovered:
D:1:      dpeg_arrival_subterranean_lakeside_camping, layout_basic
D:2:      layout_basic, uniq_jessica, uniq_terence

Skill      XL: |  1  2  3 |
---------------+----------+-----
Necromancy     | 5 6 |  6.5
Dodging        | |  1.7
Stealth        | |  1.7
Spellcasting   | |  2.0

Action                   |  1- 3 |  4- 6 || total
-------------------------+-------+-------++-------
Melee: Unarmed           |     8 |       ||     8
       Whip              |    80 |    18 ||    98
 Cast: Pain              |    33 |     4 ||    37
 Stab: Sleeping          |     2 |     2 ||     4
Armor: Robe              |    19 |     7 ||    26
Dodge: Dodged            |    52 |    28 ||    80

Table legend: (Time is in decaauts)
 A = Elapsed time spent in this place.
 B = Non-inter-level travel time spent in this place.
 C = Inter-level travel time spent in this place.
 D = Time resting spent in this place.
 E = Time spent auto-exploring this place.
 F = Levels seen in this place.
 G = Mean time per level.
                   A        B        C        D        E       F      G
               +--------+--------+--------+--------+--------+-----+--------+
         Total |   2216 |   2187 |     29 |    415 |   1429 |   2 | 1108.0 |
       Dungeon |   2216 |   2187 |     29 |    415 |   1429 |   2 | 1108.0 |
               +--------+--------+--------+--------+--------+-----+--------+

Top non-repeatable levels by time:
     D:1: 1193 daAuts
     D:2: 1022 daAuts
